 Dungeon Crawl Stone Soup version 0.19.1-1-g22dce08 (webtiles) character file.

399 Gargoyl the Skirmisher (level 6, -6/53 HPs)
             Began as a Ghoul Abyssal Knight on Jan 20, 2017.
             Was a Believer of Lugonu.
             Mangled by an orc warrior
             ... wielding a +0 glaive
              (15 damage)
             ... on level 4 of the Dungeon.
             The game lasted 00:06:23 (3302 turns).

Gargoyl the Skirmisher (Ghoul Abyssal Knight)       Turns: 3302, Time: 00:06:23

Health: -6/53      AC: 12    Str: 21    XL:     6   Next: 84%
Magic:  7/7        EV: 11    Int:  7    God:    Lugonu [**....]
Gold:   104        SH:  0    Dex: 10    Spells: 0 memorised, 5 levels left

rFire  . . .     SeeInvis .     u - +0 hand axe (chop)
rCold  + . .     Gourm    .     i - +1 ring mail
rNeg   + + +     Faith    .     (no shield)
rPois  ∞         Spirit   .     s - +2 hat
rElec  .         Reflect  .     d - +2 cloak
rCorr  .         Harm     .     (no gloves)
MR     .....                    (no boots)
Stlth  ..........               (no amulet)
                                (no ring)
                                (no ring)

@: mighty, rotting
A: rotting body, claws 1, carnivore 3, cold resistance 1, negative energy
resistance 3, slow regeneration 1, torment resistance, unbreathing
a: Depart the Abyss, Bend Space, Renounce Religion


You were on level 4 of the Dungeon.
You worshipped Lugonu.
Lugonu was pleased with you.
You were not hungry.

You visited 1 branch of the dungeon, and saw 4 of its levels.
You visited the Abyss 1 time.

You collected 214 gold pieces.
You spent 110 gold pieces at shops.

Inventory:

Hand Weapons
 a - a +1 hand axe
 u - a +0 hand axe of chopping (weapon)
Armour
 d - a +2 cloak (worn)
 i - a +1 ring mail (worn)
 s - a +2 hat (worn)
Jewellery
 b - an uncursed ring of flight {unknown}
 g - a +4 amulet of reflection {unknown}
 n - an uncursed ring of see invisible {unknown}
Wands
 t - a wand of digging (24/24)
Scrolls
 m - 2 scrolls of amnesia
 p - a scroll of identify
 v - 2 scrolls of enchant armour
 w - a scroll of immolation {unknown}
Potions
 h - 2 potions of invisibility
 l - a potion of agility
 r - a potion of ambrosia
Books
 x - a book of Frost

   Spells                             Type                      Level
   a - Freeze                         Ice                          1
   b - Throw Frost                    Conjuration/Ice              2
   c - Ozocubu's Armour               Charms/Ice                   3
   d - Throw Icicle                   Conjuration/Ice              4
   e - Summon Ice Beast               Ice/Summoning                4
Comestibles
 c - 3 meat rations
 j - a royal jelly
 k - 3 chunks of flesh
 q - a beef jerky


   Skills:
 + Level 4.3 Fighting
 + Level 3.3 Axes
 * Level 4.0 Armour
 + Level 1.7 Dodging
 * Level 3.8 Invocations


You had 5 spell levels left.
You didn't know any spells.

Dungeon Overview and Level Annotations

Branches:
Dungeon (4/15)
 Temple: D:4-7

Altars:
Gozag
Kikubaaqudgha
Makhleb

Shops:
D:4 *


Innate Abilities, Weirdness & Mutations

Your body is rotting away.
You thrive on raw meat.
You are immune to poison.
You have sharp fingernails.
You are carnivorous and can eat meat at any time.
Your flesh is cold resistant. (rC+)
You are immune to negative energy. (rN+++)
You regenerate slowly when monsters are visible.
You are immune to unholy pain and torment.
You can survive without breathing.


Message History

The orc warrior is moderately wounded.
The orc warrior hits you with a glaive!!
You hit the orc warrior.
The orc warrior is moderately wounded.
The orc warrior hits you with a glaive.
You barely miss the orc warrior.
The orc warrior is moderately wounded.
The orc warrior hits you but does no damage.
You hit the orc warrior.
The orc warrior is heavily wounded.
The orc warrior hits you with a glaive.
You closely miss the orc warrior.
The orc warrior is heavily wounded.
You feel very mighty all of a sudden.
The orc warrior hits you with a glaive!!
* * * LOW HITPOINT WARNING * * *
You closely miss the orc warrior.
The orc warrior is heavily wounded.
The orc warrior hits you with a glaive!
You die...

# #..###.....##.## # #
#...#.8...8.#..# #
###...#.......#..# #
.........._......# #
###..##.......#..####### #
.##.>##.8...8.#........# #######
.##..###.....###.#####.####......
.....# ###.### #.# #...........
##...# ##.# #@# ######.#####
#...####..# #o# ###...####
##.........# #.# #...#.....
.....#####.# #.#### #.#...####
.........#.# #....# #.##.##
.#.........# ####.# #.##.#
.#..####.##########.####.##.#
..÷....#.# #.......#.....##.#
##..##.#.# #.######.#######.#


You could see an orc warrior.

Vanquished Creatures
  An ogre (D:4)
  A scorpion (D:4)
  A hound (D:2)
  An orc wizard (D:3)
  A worker ant (D:4)
  10 adders
  2 oozes (D:1)
  A dart slug (D:4)
  2 leopard geckos
  11 orcs
  7 bats
  4 giant cockroaches
  9 goblins
  6 hobgoblins
  2 jackals (D:2)
  A ball python (D:3)
  6 frilled lizards
  12 kobolds
  A leopard gecko skeleton (D:4)
  8 rats
87 creatures vanquished.

Notes
Turn   | Place    | Note
-------+----------+-------------------------------------------
     0 | Abyss:1  | Gargoyl the Ghoul Abyssal Knight began the quest for the Orb.
     0 | Abyss:1  | Reached XP level 1. HP: 19/19 MP: 1/1
    25 | Abyss:1  | Noticed a big kobold
    25 | Abyss:1  | Noticed a big kobold
    25 | Abyss:1  | Noticed a big kobold
    25 | Abyss:1  | Noticed a big kobold
    25 | Abyss:1  | Noticed a big kobold
    25 | Abyss:1  | Noticed a big kobold
    25 | Abyss:1  | Noticed a big kobold
    25 | Abyss:1  | Noticed a big kobold
    32 | D:1      | Escaped the Abyss
    78 | D:1      | Reached * piety under Lugonu
   107 | D:1      | Reached XP level 2. HP: 22/26 MP: 2/2
   544 | D:1      | Reached XP level 3. HP: 33/33 MP: 3/3
   587 | D:1      | Reached skill level 1 in Dodging
  1090 | D:2      | Reached XP level 4. HP: 35/40 MP: 5/5
  1309 | D:2      | Found a burning altar of Makhleb.
  1501 | D:2      | Found an ancient bone altar of Kikubaaqudgha.
  1610 | D:2      | Reached XP level 5. HP: 42/46 MP: 6/6
  1692 | D:3      | Reached ** piety under Lugonu
  2464 | D:4      | Found Qura's General Store.
  2470 | D:4      | Bought a potion of ambrosia for 80 gold pieces
  2470 | D:4      | Bought a potion of curing for 30 gold pieces
  2523 | D:4      | Found an opulent altar of Gozag.
  2561 | D:4      | Reached XP level 6. HP: 51/52 MP: 7/7
  3287 | D:4      | Noticed an orc warrior
  3302 | D:4      | Mangled by an orc warrior

Skill      XL: |  1  2  3  4  5  6 |
---------------+-------------------+-----
Armour         | 2 3 4 |  4.0
Axes           | 2 3 |  3.3
Dodging        | 1 |  1.7
Fighting       | 4 |  4.3
Invocations    | 3 |  3.8

Action                   |  1- 3 |  4- 6 || total
-------------------------+-------+-------++-------
Melee: Hand axe          |   139 |   257 ||   396
Invok: Depart the Abyss  |     1 |       ||     1
  Use: Scroll            |     1 |     7 ||     8
       Potion            |     1 |     9 ||    10
  Eat: Chunk             |    10 |    20 ||    30
Armor: Leather armour    |    21 |       ||    21
       Ring mail         |    49 |   124 ||   173
Dodge: Dodged            |    80 |   184 ||   264
